 Dungeon Crawl Stone Soup version 0.29.0-15-g675c0067aa (webtiles) character file.

Game seed: 4205934301461349744

79 Arum the Trooper (level 4, -4/38 HPs)
             Began as a Formicid Fighter on Sept 11, 2022.
             Slain by a goblin
             ... wielding a +2 dagger of electrocution
              (13 damage)
             ... on level 2 of the Dungeon.
             The game lasted 00:01:08 (1858 turns).

Arum the Trooper (Formicid Fighter)                 Turns: 1858, Time: 00:01:08

Health: -4/38      AC:  6    Str: 22    XL:     4   Next: 62%
Magic:  4/4        EV:  9    Int:  8    God:
Gold:   79         SH:  5    Dex: 13    Spells: 3/3 levels left

rFire   . . .      SeeInvis +   a - +0 flail
rCold   . . .      Faith    .   c - +0 buckler
rNeg    . . .      Spirit   .   b - +0 scale mail
rPois   .          Reflect  .   (helmet unavailable)
rElec   .          Harm     .   (no cloak)
rCorr   .          Rampage  .   (no gloves)
Will    +....                   (no boots)
Stlth   ..........              (no amulet)
HPRegen 0.12/turn               e - ring of willpower
MPRegen 0.09/turn               (no ring)

@: no status effects
A: permanent stasis, dig shafts and tunnels, antennae 3, four strong arms
a: Dig, Shaft Self


You were on level 2 of the Dungeon.
You visited 1 branch of the dungeon, and saw 2 of its levels.

You collected 79 gold pieces.

Inventory:

Hand Weapons
 a - a +0 flail (weapon)
Armour
 b - a +0 scale mail (worn)
 c - a +0 buckler (worn)
Jewellery
 e - a ring of willpower (left hand)
Scrolls
 f - 3 scrolls of teleportation {unknown}
 g - 2 scrolls of blinking {unknown}
 i - a scroll of identify {unknown}
 l - a scroll of butterflies {unknown}
 m - a scroll of enchant armour {unknown}
 n - a scroll of noise {unknown}
Potions
 d - a potion of might
 h - a potion of curing {unknown}
 j - a potion of haste {unknown}
 k - a potion of cancellation {unknown}


   Skills:
 + Level 4.5 Fighting
 + Level 3.4 Maces & Flails
 - Level 3.2 Armour
 - Level 4.0 Shields


You had 3 spell levels left.
You didn't know any spells.
Your spell library contained the following spells:

 Spells                   Type           Power      Damage    Failure   Level
 Freeze                   Ice            0%         1d3       80%         1
 Frozen Ramparts          Ice            0%         1d1       99%         3
 Hailstorm                Conj/Ice       0%         3d3       100%        4


Dungeon Overview and Level Annotations

Branches:
Dungeon (2/15)

Altars:
Yredelemnul


Innate Abilities, Weirdness & Mutations

You cannot be hasted, slowed, berserked, paralysed or teleported.
You can dig through walls and to a lower floor.
You have a pair of large antennae on your head. (SInv)
Your four strong arms can wield two-handed weapons with a shield.


Message History

You barely miss Terence. Terence barely misses you.
You hit Terence but do no damage. The goblin hits you but does no damage.
Terence hits you but does no damage.
You thump Terence!
Terence is moderately wounded.
The goblin hits you but does no damage.
You are electrocuted!
Terence hits you but does no damage.
You hit Terence.
Terence is severely wounded.
The goblin closely misses you. Terence hits you with a +0 falchion.
The goblin hits you with a +2 dagger of electrocution.
Terence hits you but does no damage.
You completely miss Terence.
Terence is severely wounded.
You block the goblin's attack. Terence hits you with a +0 falchion.
You are too injured to fight recklessly!
Unknown command.
You barely miss Terence.
Terence is severely wounded.
The goblin hits you with a +2 dagger of electrocution.
Terence hits you with a +0 falchion.
You hit Terence but do no damage.
Terence is severely wounded.
The goblin hits you but does no damage. Terence barely misses you.
You sock Terence!
You kill Terence!
The goblin closely misses you. You block the goblin's attack.
You barely miss the goblin. The goblin barely misses you.
You hit the goblin.
The goblin is moderately wounded.
The goblin barely misses you.
You barely miss the goblin.
The goblin is moderately wounded.
The goblin closely misses you.
You closely miss the goblin.
The goblin is moderately wounded.
The goblin hits you with a +2 dagger of electrocution.
* * * LOW HITPOINT WARNING * * *
You are electrocuted!
You die...

#....#### ###......
#.......# #...#.###
####....# #######
#....# .......#+#####
###.#.
#<......=...######.....
#....)@.....'...##.....
#....g......###.#####..
#...###.##### #)# #.#..
#.. #.# #.# #.### #.
#.#######.# #.#.. #
#.##......# #.#..
..#.....### #....
#######.# #.... #.#
#....


You could see a goblin.

Vanquished Creatures
  Terence (D:2)
  Robin (D:2)
  An adder (D:2)
  A dart slug (D:1)
  A bat (D:2)
  An endoplasm (D:2)
  9 goblins
  A hobgoblin (D:2)
  A quokka (D:1)
  3 ball pythons
  2 frilled lizards (D:1)
  4 kobolds
  5 rats
31 creatures vanquished.

Notes
Turn   | Place    | Note
-------+----------+-------------------------------------------
     0 | D:1      | Arum the Formicid Fighter began the quest for the Orb.
     0 | D:1      | Reached XP level 1. HP: 18/18 MP: 1/1
   239 | D:1      | Found a faded altar of an unknown god.
   258 | D:1      | Reached XP level 2. HP: 24/24 MP: 2/2
  1137 | D:2      | Reached XP level 3. HP: 19/30 MP: 3/3
  1281 | D:2      | Found a basalt altar of Yredelemnul.
  1353 | D:2      | Noticed Robin
  1372 | D:2      | Killed Robin
  1653 | D:2      | Reached XP level 4. HP: 31/37 MP: 4/4
  1843 | D:2      | Noticed Terence
  1854 | D:2      | Killed Terence
  1858 | D:2      | Slain by a goblin

Illustrated notes

Levels and vault maps discovered:
D:1:      dpeg_arrival_oval, layout_loops_corners,
          dreamdust_ecumenical_altar_statues
D:2:      layout_basic, serial_shops, shop, basic_altar, hangedman_decor_push,
          uniq_terence, uniq_robin

Skill      XL: |  1  2  3 |
---------------+----------+-----
Fighting       | 4 |  4.5
Maces & Flails | 3 |  3.4
Armour         | |  3.2
Shields        | |  4.0

Action                   |  1- 3 |  4- 6 || total
-------------------------+-------+-------++-------
Melee: Flail             |    82 |    16 ||    98
 Abil: Dig               |     2 |       ||     2
Armor: Scale mail        |    36 |     7 ||    43
Dodge: Dodged            |    33 |     9 ||    42
Block: Buckler           |    22 |     4 ||    26
